 Dungeon Crawl Stone Soup version 0.21-a0-404-g291f19a (webtiles) character file.

1 theanonym the Conjurer (level 1, -4/10 HPs)
             Began as a Gargoyle Conjurer on Oct 27, 2017.
             Slain by a gnoll
             ... wielding a +0 flail
              (9 damage)
             ... on level 1 of the Dungeon.
             The game lasted 00:00:48 (197 turns).

theanonym the Conjurer (Gargoyle Conjurer)           Turns: 197, Time: 00:00:48

Health: -4/10      AC:  4    Str: 11    XL:     1   Next: 20%
Magic:  0/3        EV: 12    Int: 15    God:
Gold:   19         SH:  0    Dex: 10    Spells: 3/4 levels left

rFire    . . .     SeeInvis .   (no weapon)
rCold    . . .     Gourm    .   (no shield)
rNeg     + . .     Faith    .   a - +0 robe
rPois    ∞         Spirit   .   (no helmet)
rElec    +         Reflect  .   (no cloak)
rCorr    .         Harm     .   (no gloves)
MR       .....                  (no boots)
Stlth    ++........             (no amulet)
HPRegen  0.03/turn              (no ring)
MPRegen  0.08/turn              (no ring)

@: no status effects
A: negative energy resistance 1, electricity resistance, unbreathing,
petrification resistance, rot immunity, AC +2
a: no special abilities


You were on level 1 of the Dungeon.
You were not hungry.

You visited 1 branch of the dungeon, and saw 1 of its levels.

You collected 19 gold pieces.

Inventory:

Hand Weapons
 e - a +0 hand axe
   (You found it on level 1 of the Dungeon)
Armour
 a - a +0 robe (worn)
Scrolls
 d - a scroll of identify {unknown}
 f - a scroll of enchant weapon {unknown}
Potions
 g - a potion of agility {unknown}
 h - a potion of flight {unknown}
Books
 b - a book of Conjurations

   Spells                             Type                      Level
   a - Magic Dart                     Conjuration                  1
   b - Searing Ray                    Conjuration                  2
   c - Dazzling Spray                 Conjuration/Hexes            3
   d - Fulminant Prism                Conjuration/Hexes            4
   e - Force Lance                    Conjuration/Translocation    4
   f - Iskenderun's Mystic Blast      Conjuration                  4
Comestibles
 c - a bread ration


   Skills:
 + Level 0.1 Fighting
 - Level 1.5 Dodging
 - Level 2.1 Stealth
 + Level 2.0 Spellcasting
 + Level 4.4 Conjurations


You had 3 spell levels left.
You knew the following spells:

 Your Spells              Type           Power        Failure   Level  Hunger
a - Magic Dart            Conj           ##..         3%          1    #......


Dungeon Overview and Level Annotations

Branches:
Dungeon (1/15)

Altars:


Innate Abilities, Weirdness & Mutations

You are resistant to torment.
Your stone body is resilient. (AC +2)
You are immune to poison.
You resist negative energy. (rN+)
You are resistant to electric shocks. (rElec)
You can survive without breathing.
You are immune to petrification.
You are immune to rotting.


Message History

Welcome, theanonym the Gargoyle Conjurer.
Will you be the one to retrieve the fabulous Orb of Zot from the depths?
Found a staircase leading out of the dungeon.
There is a staircase leading out of the dungeon here.
There is a staircase leading out of the dungeon here.
You open the door.
There is an open door here.
d - a scroll labeled ILAT NUKURUO
e - a hand axe
Found a centaur barding.
Found a stone staircase leading down.
f - a scroll labeled GEVVIM DAKKO You now have 11 gold pieces.
g - a dark potion
h - a fuming blue potion You now have 19 gold pieces (gained 8).
Found 20 arrows.
You open the gate.
A bat comes into view.
There is an open gate here.
A bat is nearby!
Really attack barehanded? [Y]es or [N]o only, please.
Really attack barehanded? [Y]es or [N]o only, please.
Really attack barehanded?
Okay, then.
Sorry, you're not good enough to have a special ability.
Unknown command.
Aim: a bat (resting)
The magic dart hits the bat.
You kill the bat!
You now have 2/3 mp.
A rat comes into view.
There is an open gate here.
MP restored: 3
Aim: a rat (resting)
The magic dart hits the rat.
You kill the rat!
You now have 2/3 mp.
Found a ring mail.
MP restored: 3
Found a chain mail.
You open the door.
There is an open door here.
A gnoll comes into view. It is wielding a flail.
Aim: a gnoll, wielding a flail (resting)
The magic dart hits the gnoll.
The gnoll shouts!
You now have 2/3 mp.
Aim: a gnoll, wielding a flail The magic dart hits the gnoll.
You now have 1/3 mp.
Aim: a gnoll, wielding a flail The magic dart hits the gnoll.
* * * LOW MAGIC WARNING * * *
You now have 0/3 mp.
You don't have enough magic to cast that spell.
Unknown command.
Found a fizzy red potion.
Found 8 gold pieces.
Found 3 gold pieces.
Found a brown potion.
MP restored: 3
Aim: a gnoll, wielding a flail The magic dart hits the gnoll.
You now have 2/3 mp.
Aim: a gnoll, wielding a flail (lightly wounded)
The magic dart hits the gnoll.
The gnoll hits you with a flail.
Ouch! That really hurt!
* * * LOW HITPOINT WARNING * * *
You take 5 damage, and have 5/10 hp.
MASSIVE DAMAGE!!
You now have 1/3 mp.
Aim: a gnoll, wielding a flail (moderately wounded)
The magic dart hits the gnoll.
* * * LOW MAGIC WARNING * * *
You now have 0/3 mp.
The gnoll hits you with a flail!
Ouch! That really hurt!
You die...

#######..#.############
......................#
..########.#..........#
....... ...#..........#
.[...####..#..........#
...........#..........#
........#..####+#...###
................#...#
......##+###'#.#@...#
......##.≈#≈.#.#.g..#
......##.≈≈≈.#.#....#
.....>.#.≈8≈.#.#....#
.......#.....#.+....+
.......#♣...♣#.#....## .
.......#P♣.♣P#.#.....# ..
.......##P.P##.......#....
.......#P#<#P#............


You could see a gnoll.

Vanquished Creatures
  A bat (D:1)
  A rat (D:1)
2 creatures vanquished.

Notes
Turn   | Place    | Note
-------+----------+-------------------------------------------
     0 | D:1      | theanonym the Gargoyle Conjurer began the quest for the Orb.
     0 | D:1      | Reached XP level 1. HP: 10/10 MP: 3/3
   197 | D:1      | Slain by a gnoll

Vault maps used:
D:1:      tarquinn_simple_flora_water_d, roderic_lattice_a

Action                   || total
-------------------------++-------
 Cast: Magic Dart        ||     8

Table legend:
 A = Spawn XP
 B = Non-spawn XP
 C = Spawn XP percentage of total XP
 D = Spawn monster count
 E = Non-spawn monster count
 F = Spawn count percentage of total count
 G = Total turns spent on level
                    A         B        C        D         E        F      G
               +---------+---------+-------+---------+---------+-------+---------
         Total |       0 |       2 |   0.0 |       0 |       2 |   0.0 |   197
               +---------+---------+-------+---------+---------+-------+---------
           D:1 |       0 |       2 |   0.0 |       0 |       2 |   0.0 |   197
               +---------+---------+-------+---------+---------+-------+---------
